 Dungeon Crawl Stone Soup version 0.22-a0-410-g97be04f (webtiles) character file.

5586 nikopol the Thaumaturge (level 10, -3/53 HPs)
             Began as a Deep Elf Fire Elementalist on May 11, 2018.
             Was a Believer of Vehumet.
             Slain by a porcupine (11 damage)
             ... on level 10 of the Dungeon.
             The game lasted 00:32:56 (9015 turns).

nikopol the Thaumaturge (DEFE)                      Turns: 9015, Time: 00:32:57

Health: -3/53      AC:  3    Str:  5    XL:     10   Next: 45%
Magic:  32/36      EV: 14    Int: 24    God:    Vehumet [**....]
Gold:   408        SH:  0    Dex: 15    Spells: 17/32 levels left

rFire    + . .     SeeInvis .   t - +3 dagger (holy)
rCold    x . .     Gourm    .   (no shield)
rNeg     . . .     Faith    +   a - +0 robe
rPois    .         Spirit   .   (no helmet)
rElec    .         Reflect  .   q - +0 cloak
rCorr    .         Harm     .   (no gloves)
MR       +....                  (no boots)
Stlth    +++.......             g - amulet of faith
HPRegen  0.17/turn              v - ring of fire
MPRegen  0.25/turn              o - ring of magical power

@: lethally poisoned (-3 -> -15), slowed, very slow
A: no striking features
a: Renounce Religion


You were on level 10 of the Dungeon.
You worshipped Vehumet.
Vehumet was pleased with you.
You were not hungry.

You visited 2 branches of the dungeon, and saw 11 of its levels.

You collected 555 gold pieces.
You spent 147 gold pieces at shops.

Inventory:

Hand Weapons
 t - a +3 dagger of holy wrath (weapon)
Armour
 a - a +0 robe (worn)
 q - a +0 cloak (worn)
Jewellery
 g - an amulet of faith (around neck)
 o - a ring of magical power (right hand)
 u - an uncursed ring of poison resistance
 v - a ring of fire (left hand)
 y - an uncursed ring of resist corrosion
 F - an uncursed ring of wizardry
Wands
 l - a wand of enslavement (16)
 z - a wand of disintegration (7)
 I - a wand of random effects (31)
Scrolls
 b - 7 scrolls of teleportation
 e - 6 scrolls of identify {unknown}
 f - 6 scrolls of remove curse {unknown}
 h - 3 scrolls of blinking
 i - 2 scrolls of immolation {unknown}
 p - a scroll of enchant armour {unknown}
 r - 2 scrolls of random uselessness {unknown}
 s - a scroll of fog {unknown}
 w - a scroll of amnesia {unknown}
 C - a scroll of magic mapping {unknown}
Potions
 d - 2 potions of heal wounds {unknown}
 j - 3 potions of might {unknown}
 k - 2 potions of degeneration {unknown}
 m - 5 potions of brilliance {unknown}
 n - 3 potions of flight {unknown}
 x - a potion of berserk rage {unknown}
 A - a potion of cancellation {unknown}
 D - 2 potions of ambrosia {unknown}
 E - 2 potions of invisibility {unknown}
 G - a potion of magic {unknown}
 H - a potion of mutation {unknown}
Comestibles
 c - 11 rations
 B - 9 chunks of flesh


   Skills:
 + Level 1.9 Fighting
 + Level 4.4 Dodging
 + Level 4.9 Stealth
 + Level 11.5 Spellcasting
 + Level 8.8 Conjurations
 + Level 10.2 Fire Magic


You had 17 spell levels left.
You knew the following spells:

 Your Spells              Type           Power        Failure   Level  Hunger
a - Flame Tongue          Conj/Fire      #####        1%          1    None
b - Throw Flame           Conj/Fire      ######       1%          2    None
c - Conjure Flame         Conj/Fire      ######..     1%          3    None
d - Sticky Flame          Conj/Fire      ######..     1%          4    None
e - Fireball              Conj/Fire      ######....   2%          5    ####...


Dungeon Overview and Level Annotations

Branches:
Dungeon (10/15)            Temple (1/1) D:5             Orc (0/2) D:9
   Lair: D:8-11

Altars:
Ashenzari
Cheibriados
Dithmenos
Elyvilon
Fedhas
Gozag
Hepliaklqana
Kikubaaqudgha
Makhleb
Nemelex Xobeh
Okawaru
Qazlal
Ru
Sif Muna
Trog
Uskayaw
Vehumet
Wu Jian
Xom
Yredelemnul
Zin
The Shining One
Lugonu

Shops:
D:5 ?   D:9 =

Annotations:
D:10 Fannar, Harold, Sonja


Message History

You tear a large gash into the net.
Sonja shoots a curare-tipped needle.
The curare-tipped needle hits you.
You are poisoned.
You have difficulty breathing.
You feel yourself slow down.
Harold points at you and mumbles some strange words.
The bolt of fire hits you! You resist.
You struggle against the net.
You feel sick.
Sonja says, "I'm academy-trained, you know."
Sonja shoots a curare-tipped needle.
The curare-tipped needle hits you.
You are more poisoned.
You have difficulty breathing.
You feel as though you will be slow longer.
The porcupine bites you! The porcupine bites you.
You shred the net and break free!
You feel sick. The porcupine bites you.
* * * LOW HITPOINT WARNING * * *
Fannar casts a spell.
Fannar blinks!
* * * LOW HITPOINT WARNING * * *
You feel sick. The porcupine bites you!
You die...

##########
##........#
#..r.K.....
##.@#.......
##..##..@....
#..## #.)....
##.## ......
##..# #.....
#..### .....
##..#..####
#....
#...........###
....#..........#


You could see Sonja and a porcupine.

Vanquished Creatures
  2 two-headed ogres
  Prince Ribbit (D:5)
  3 yaks (D:10)
  A hungry ghost (D:8)
  3 ice beasts
  Duvessa (D:5)
  2 phantoms
  A sky beast (D:10)
  3 ogres
  A centaur (D:8)
  A big kobold (D:8)
  6 bullfrogs
  Dowan (D:5)
  5 scorpions
  5 wights (D:8)
  3 howler monkeys (D:7)
  2 crimson imps
  2 centaur zombies
  8 hounds
  A jelly (D:5)
  6 bullfrog zombies
  3 centaur skeletons
  2 bullfrog skeletons (D:5)
  6 iguanas
  Jessica (D:2)
  5 orc wizards
  7 worker ants
  A killer bee zombie (D:7)
  2 howler monkey zombies
  11 adders
  2 shadow imps (D:6)
  2 adder zombies
  5 adder skeletons
  3 worms
  3 dart slugs
  5 leopard geckos
  26 orcs
  A ball python (D:1)
  5 giant cockroaches
  5 hobgoblins
  A jackal (D:4)
  17 kobolds
  7 quokkas
  10 bats
  8 frilled lizards
  8 goblins
  A leopard gecko skeleton (D:4)
  A leopard gecko zombie (D:5)
  A quokka skeleton (D:5)
  9 rats
216 creatures vanquished.

Vanquished Creatures (others)
  4 fungi (D:10)
  7 plants (D:10)
11 creatures vanquished.

Grand Total: 227 creatures vanquished

Notes
Turn   | Place    | Note
-------+----------+-------------------------------------------
     0 | D:1      | nikopol the Deep Elf Fire Elementalist began the quest for the Orb.
     0 | D:1      | Reached XP level 1. HP: 10/10 MP: 6/6
   187 | D:1      | Reached XP level 2. HP: 15/15 MP: 2/8
   565 | D:1      | Reached XP level 3. HP: 18/19 MP: 6/10
  1032 | D:2      | Noticed Jessica
  1034 | D:2      | Killed Jessica
  1034 | D:2      | Reached XP level 4. HP: 24/24 MP: 8/11
  1129 | D:2      | Reached skill level 5 in Fire Magic
  1671 | D:2      | Reached skill level 4 in Spellcasting
  1836 | D:3      | Found a hide-covered altar of Uskayaw.
  1926 | D:3      | Reached XP level 5. HP: 21/28 MP: 9/13
  1939 | D:3      | Learned a level 2 spell: Throw Flame
  1943 | D:3      | Learned a level 3 spell: Conjure Flame
  1948 | D:3      | Learned a level 4 spell: Sticky Flame
  2115 | D:3      | Found a hazy altar of Hepliaklqana.
  2520 | D:3      | Found a sacrificial altar of Ru.
  2860 | D:4      | Noticed an ogre
  2879 | D:4      | Killed an ogre
  2879 | D:4      | Reached skill level 5 in Spellcasting
  2879 | D:4      | Reached XP level 6. HP: 6/32 MP: 5/15
  3427 | D:4      | Found a shattered altar of Ashenzari.
  3649 | D:4      | Reached XP level 7. HP: 34/37 MP: 5/17
  3732 | D:4      | Learned a level 5 spell: Fireball
  3797 | D:4      | Reached skill level 6 in Spellcasting
  3931 | D:5      | Entered Level 5 of the Dungeon
  4192 | D:5      | Reached skill level 7 in Spellcasting
  4365 | D:5      | Reached XP level 8. HP: 42/42 MP: 11/21
  4445 | D:5      | Noticed Duvessa
  4446 | D:5      | Noticed Dowan
  4897 | D:5      | Killed Duvessa
  4897 | D:5      | Reached skill level 8 in Spellcasting
  4969 | D:5      | Found a staircase to the Ecumenical Temple.
  4980 | D:5      | Reached skill level 5 in Conjurations
  4998 | Temple   | Entered the Ecumenical Temple
  5025 | Temple   | Became a worshipper of Vehumet
  5128 | D:5      | Killed Dowan
  5161 | D:5      | Noticed Prince Ribbit
  5166 | D:5      | Killed Prince Ribbit
  5360 | D:5      | Found Sinuhe's Magic Scroll Shoppe.
  5366 | D:5      | Bought a scroll of teleportation for 42 gold pieces
  5366 | D:5      | Bought a scroll of blinking for 105 gold pieces
  5522 | D:6      | Found a white marble altar of Elyvilon.
  5588 | D:6      | Identified the Compendium of Dislocation and Transmutation
  5815 | D:6      | Found a burning altar of Makhleb.
  5858 | D:6      | Reached XP level 9. HP: 40/46 MP: 16/23
  5882 | D:6      | Reached skill level 1 in Fighting
  5882 | D:6      | Reached skill level 9 in Spellcasting
  6053 | D:6      | Found a basalt altar of Yredelemnul.
  6066 | D:6      | Reached * piety under Vehumet
  6066 | D:6      | Offered knowledge of Freeze by Vehumet.
  7488 | D:8      | Reached ** piety under Vehumet
  7488 | D:8      | Offered knowledge of Shock by Vehumet.
  7496 | D:8      | Reached skill level 10 in Spellcasting
  7978 | D:9      | Found Pienonn's Jewellery Shoppe.
  8527 | D:9      | Found a staircase to the Orcish Mines.
  8637 | D:9      | Found an opulent altar of Gozag.
  8637 | D:9      | Found an iron altar of Okawaru.
  8673 | D:9      | Found a shimmering altar of Xom.
  8675 | D:9      | Found a glowing golden altar of the Shining One.
  8675 | D:9      | Found a shadowy altar of Dithmenos.
  8676 | D:9      | Found a snail-covered altar of Cheibriados.
  8680 | D:9      | Noticed a two-headed ogre
  8692 | D:9      | Killed a two-headed ogre
  8692 | D:9      | Offered knowledge of Stone Arrow by Vehumet.
  8692 | D:9      | Reached skill level 11 in Spellcasting
  8692 | D:9      | Reached XP level 10. HP: 53/53 MP: 22/27
  8875 | D:10     | Entered Level 10 of the Dungeon
  8879 | D:10     | Noticed a two-headed ogre
  8885 | D:10     | Killed a two-headed ogre
  8890 | D:10     | Reached skill level 10 in Fire Magic
  9010 | D:10     | Noticed Fannar
  9010 | D:10     | Noticed Harold
  9012 | D:10     | Noticed Sonja
  9015 | D:10     | Slain by a porcupine

Vault maps used:
D:1:      dpeg_arrival_prison, grunt_decor_arrowhead, minmay_lizard_pond
D:2:      skrybe_limestone_x, uniq_jessica
D:3:      nicolae_overflow_hidden_temple, nicolae_overflow_crystal_walls,
          lemuel_round_altar, first_ration
D:4:      minmay_diamond_boxcup, marbit_many_paths, corexii_leaking_fountain,
          grunt_ministairs_9, serial_park_tiny_pond
D:5:      minmay_temple_entry_overgrown, serial_shops, nicolae_shop_trees,
          serial_undead, serial_undead_d, serial_undead_e, serial_undead_f,
          serial_undead_f, serial_bayou_lagoon_a,
          hangedman_decor_diamond_cutter, uniq_duvessa, uniq_prince_ribbit1
D:6:      makhleb_heckhound_becter, yredelemnul_altar_generic,
          kennysheep_mini_moat
D:9:      gammafunk_temple_overflow_statue, minitemple, orc_0_dummy,
          serial_shops, nicolae_shop_temple_entry_statues_fountains
D:10:     minmay_lair_entry_grove, serial_shops, kennysheep_mini, the_bakery,
          uniq_sonja, uniq_fannar, uniq_harold, uniq_grum
Temple:   corrupted_temple

Skill      XL: |  1  2  3  4  5  6  7  8  9 10 |
---------------+-------------------------------+-----
Fire Magic     | 4 5 6 7 8 9 10 | 10.2
Spellcasting   | 4 5 7 8 11 | 11.5
Conjurations   | 2 3 4 6 8 |  8.8
Dodging        | 3 4 |  4.4
Stealth        | 3 4 |  4.9
Fighting       | 1 |  1.9

Action                   |  1- 3 |  4- 6 |  7- 9 | 10-12 || total
-------------------------+-------+-------+-------+-------++-------
Melee: Dagger            |       |       |    12 |       ||    12
 Cast: Flame Tongue      |    49 |   107 |   284 |     7 ||   447
       Sticky Flame      |       |     5 |    30 |       ||    35
       Conjure Flame     |       |     1 |     6 |       ||     7
       Throw Flame       |       |       |    14 |     3 ||    17
       Fireball          |       |       |     8 |     4 ||    12
  Eat: Chunk             |       |     5 |    18 |     2 ||    25
       Ration            |       |     1 |       |       ||     1
Armor: Robe              |     4 |     9 |    17 |       ||    30
Dodge: Dodged            |     6 |    29 |    67 |     1 ||   103

Table legend:
 A = Spawn XP
 B = Non-spawn XP
 C = Spawn XP percentage of total XP
 D = Spawn monster count
 E = Non-spawn monster count
 F = Spawn count percentage of total count
 G = Total turns spent on level
                    A         B        C        D         E        F      G
               +---------+---------+-------+---------+---------+-------+---------
         Total |       0 |    7981 |   0.0 |       0 |     216 |   0.0 |  9015
               +---------+---------+-------+---------+---------+-------+---------
           D:1 |       0 |      54 |   0.0 |       0 |      32 |   0.0 |   979
           D:2 |       0 |     114 |   0.0 |       0 |      25 |   0.0 |   748
           D:3 |       0 |     100 |   0.0 |       0 |      21 |   0.0 |  1016
           D:4 |       0 |     697 |   0.0 |       0 |      18 |   0.0 |  1188
           D:5 |       0 |    1444 |   0.0 |       0 |      38 |   0.0 |  1510
           D:6 |       0 |     694 |   0.0 |       0 |      19 |   0.0 |   793
           D:7 |       0 |     547 |   0.0 |       0 |      16 |   0.0 |  1098
           D:8 |       0 |     930 |   0.0 |       0 |      25 |   0.0 |   519
           D:9 |       0 |    1649 |   0.0 |       0 |      16 |   0.0 |   981
          D:10 |       0 |    1752 |   0.0 |       0 |       6 |   0.0 |   140
               +---------+---------+-------+---------+---------+-------+---------
